 Dungeon Sprint DCSS version 0.18-a0-1027-g814d7dd (webtiles) character file.

42655 pipel the Imperceptible (level 14, -6/102 HPs)
             Began as a Kobold Assassin on Jan 8, 2016.
             Was a High Priest of Ru.
             Killed from afar by a fire dragon (60 damage)
             ... with a blast of flame
             ... in the Dungeon (Sprint IX: "|||||||||||||||||||||||||||||").
             The game lasted 00:22:38 (2607 turns).

pipel the Imperceptible (Kobold Assassin)           Turns: 2607, Time: 00:22:38

Health: -6/102     AC: 11    Str: 13    XL:     14   Next: 56%
Magic:  7/14       EV: 39    Int:  9    God:    Ru [*****.]
Gold:   12         SH:  0    Dex: 25    Spells: 0 memorised, 13 levels left

rFire  . . .     SeeInvis .     a - +7 short sword of the Reaper {pierce, Dex+3}
rCold  . . .     Gourm    .     X - +2 leather armour {rPois}
rNeg   . . .     Faith    .     (shield restricted)
rPois  +         Spirit   .     F - +0 helmet
rElec  .         Dismiss  .     Z - +1 cloak
rCorr  .         Reflect  .     G - +0 pair of gloves
SustAt .         Harm     .     W - +1 pair of boots
MR     .....     NoTele   +     (no amulet)
Stlth  ++++++++++               x - +3 ring of strength
                                w - +2 ring of evasion

@: exhausted, no potions, no scrolls, not resistant to hostile enchantments,
uncannily stealthy
A: carnivore 3, inability to drink while threatened, inability to read while
threatened, hated by all, magic vulnerability 1
a: Sacrifice Purity, Sacrifice Durability, Sacrifice Health, Reject Sacrifices,
Draw Out Power, Power Leap, Apocalypse, Renounce Religion


You were in the Dungeon.
You worshipped Ru.
Ru was extremely pleased with you.
You were very full.

You visited 1 branch You collected 1850 gold pieces.
You spent 1838 gold pieces at shops.

Inventory:

Hand Weapons
 a - the +7 short sword of the Reaper (weapon) {pierce, Dex+3}
   (You bought it in a shop in the Dungeon)

   It inflicts extra damage upon your enemies.
   It affects your dexterity (+3).
 b - a +0 blowgun
 e - a +1 dagger of venom
 s - a +2 dagger
 t - the +3 war axe "Ogeur" {drain, +Blink rN+ Str+4}
   (You found it in the Dungeon)

   A truly terrible weapon, it drains the life of those it strikes.
   It affects your strength (+4).
   It protects you from negative energy.
   It lets you blink.
 D - a +1 scimitar of flaming
 N - a +2 rapier of holy wrath
 P - a +1 dagger of distortion
 V - a +1 demon blade
Missiles
 f - 8 poisoned needles
Armour
 c - a +0 robe
 d - a +0 cloak
 u - a +0 helmet
 v - a +1 chain mail
 E - a +0 cloak
 F - a +0 helmet (worn)
 G - a +0 pair of gloves (worn)
 I - a +2 chain mail of poison resistance
 Q - a +1 robe of magic resistance
 W - a +1 pair of boots (worn)
 X - a +2 leather armour of poison resistance (worn)
 Y - a +2 leather armour of magic resistance
 Z - a +1 cloak (worn)
Magical Staves
 r - an uncursed staff of energy
Jewellery
 w - a +2 ring of evasion (left hand)
 x - a +3 ring of strength (right hand)
 R - an uncursed ring of protection from magic
 S - an uncursed ring of fire
 T - an uncursed ring of protection from magic
 U - an uncursed ring of fire
Wands
 q - a wand of draining (0/15)
Scrolls
 m - 2 scrolls of blinking
 o - 4 scrolls of remove curse
 p - 2 scrolls of amnesia
 A - 3 scrolls of identify
 B - 6 scrolls of recharging
 C - 5 scrolls of fear
 K - 3 scrolls of enchant weapon
 L - a scroll of immolation
 M - a scroll of torment {unknown}
Potions
 h - 8 potions of curing
 i - 10 potions of heal wounds
 j - 2 potions of haste
 k - 4 potions of magic
 l - 3 potions of cure mutation
 n - 2 potions of agility
 z - a potion of might
 J - 3 potions of resistance
 O - a potion of lignification
Books
 y - a book of Unlife

   Spells                             Type                      Level
   a - Recall                         Summoning/Translocation      3
   b - Animate Dead                   Necromancy                   4
   c - Control Undead                 Necromancy                   4
   d - Cigotuvi's Embrace             Necromancy                   5
   e - Death Channel                  Necromancy                   6
   f - Simulacrum                     Ice/Necromancy               6
Comestibles
 g - 14 meat rations


   Skills:
 + Level 17.3 Fighting
 + Level 23.4 Short Blades
 - Level 2.1 Throwing
 + Level 2.5 Armour
 + Level 22.3 Dodging
 + Level 25.1 Stealth
 - Level 1.2 Evocations


You had 13 spell levels left.
You didn't know any spells.

Dungeon Overview and Level Annotations

Branches:
Dungeon (1/1)

Altars:
Cheibriados
Dithmenos
Elyvilon
Fedhas
Gozag
Kikubaaqudgha
Makhleb
Nemelex Xobeh
Okawaru
Pakellas
Qazlal
Ru
Sif Muna
Trog
Vehumet
Xom
Yredelemnul
Zin
The Shining One
Beogh
Jiyva
Lugonu

Shops:
D (*?!


Innate Abilities, Weirdness & Mutations

You are small and have problems with some larger weapons.
You are carnivorous and can eat meat at any time.
You cannot drink potions while threatened.
You cannot read scrolls while threatened.
You are hated by all.
You are slightly vulnerable to magic.


Message History

The yaktaur captain is severely wounded.
The spriggan berserker rages.
The yaktaur captain completely misses you.
You puncture the yaktaur captain!
The yaktaur captain is almost dead.
You puncture the yaktaur captain!
The yaktaur captain is almost dead.
You redirect the yaktaur captain's attack!
The yaktaur captain wields an arbalest.
The yaktaur captain shoots a bolt.
The bolt hits the frost giant!!
The yaktaur captain completely misses you.
You hit the yaktaur captain.
You kill the yaktaur captain!
Your Stealth skill increases to level 25!
The fire dragon breathes flames at you. The blast of flame hits you!
You feel threatened and lose the ability to read scrolls!
You feel threatened and lose the ability to drink potions!
Ouch! That really hurt!
You die...

..'.....)))))).)...[..[[[.....(..
▓▓▓▓▓▓▓▓▓▓▓▓▓▓▓▓▓▓▓▓▓▓▓▓▓▓▓▓▓▓▓▓▓
.................................
▓▓▓▓▓▓▓▓▓▓▓▓▓▓▓▓▓▓♣♣♣♣♣♣♣♣♣♣▓▓▓▓▓
........'§§§§.))))†..)......'†.††
▓▓▓▓▓▓▓▓▓▓▓▓▓▓▓▓▓▓♣♣♣♣♣♣♣♣♣♣▓▓▓▓▓
....................))))....)....
▓▓▓▓▓▓▓▓▓▓▓▓▓▓▓▓▓▓▓▓▓▓▓▓▓▓▓▓▓▓▓▓▓
..........'))).(@)DiHcCS
▓▓▓▓▓▓▓▓▓▓▓▓▓▓▓▓▓▓▓▓▓▓▓▓


You could see a frost giant, a fire dragon, a sphinx, a yaktaur captain, a
spriggan berserker (berserk) and a black mamba.

Vanquished Creatures
  Saint Roka (D)
  Rupert (D)
  A ghost moth (D)
  A frost giant (D)
  An emperor scorpion (D)
  2 stone giants (D)
  Azrael (D)
  2 ettins (D)
  A fire dragon (D)
  A yaktaur captain (D)
  Harold (D)
  A hydra (D)
  A rakshasa (D)
  A spriggan air mage (D)
  Erica (D)
  An alligator (D)
  A satyr (D)
  An orc high priest (D)
  A naga sharpshooter (D)
  2 shock serpents (D)
  A spriggan (D)
  A hell knight (D)
  2 swamp dragons (D)
  A harpy (D)
  6 orc knights (D)
  2 orb spiders (D)
  A wizard (D)
  An ugly thing (D)
  An orc sorcerer (D)
  A wolf spider (D)
  4 manticores (D)
  An elephant (D)
  A hornet (D)
  A cyclops (D)
  2 black mambas (D)
  Joseph (D)
  A siren (D)
  Psyche (D)
  2 naga magi (D)
  A gargoyle (D)
  A spiny frog (D)
  2 komodo dragons (D)
  4 polar bears (D)
  A troll (D)
  2 merfolk (D)
  2 jumping spiders (D)
  A giant leech (D)
  2 two-headed ogres (D)
  A blink frog (D)
  2 slime creatures (D)
  A bog body (D)
  A trapdoor spider (D)
  A shadow (D)
  A redback (D)
  2 vampire mosquitoes (D)
  2 fire elementals (D)
  5 hippogriffs (D)
  3 water moccasins (D)
  2 nagas (D)
  2 hell hounds (D)
  A porcupine (D)
  A wasp (D)
  An ice beast (D)
  20 orc warriors (D)
  4 black bears (D)
  A centaur (D)
  2 crocodiles (D)
  A giant frog (D)
  2 crimson imps (D)
  A jelly (D)
  3 orc priests (D)
  2 orc wizards (D)
  An iguana (D)
  A worker ant (D)
  A gnoll (D)
  2 adders (D)
  2 river rats (D)
  An adder skeleton (D)
  11 orcs (D)
  2 goblins (D)
  A kobold (D)
  A quokka (D)
  A bat (D)
  A giant newt (D)
157 creatures vanquished.

Vanquished Creatures (others)
  An entropy weaver (D)
  An ogre mage (D)
  A spriggan (D)
  A swamp drake (D)
  A wasp (D)
  An orc wizard (D)
  An orc priest (D)
7 creatures vanquished.

Grand Total: 164 creatures vanquished

Notes
Turn   | Place    | Note
--------------------------------------------------------------
     0 | D        | pipel the Kobold Assassin began the quest for the Orb.
     0 | D        | Reached XP level 1. HP: 12/12 MP: 1/1
    14 | D        | Reached XP level 2. HP: 6/20 MP: 2/2
   243 | D        | Reached skill level 5 in Fighting
   243 | D        | Reached skill level 6 in Short Blades
   243 | D        | Reached XP level 3. HP: 24/26 MP: 3/3
   249 | D        | Reached XP level 4. HP: 17/32 MP: 4/4
   271 | D        | Found a glowing silver altar of Zin.
   271 | D        | Found a glowing golden altar of the Shining One.
   271 | D        | Found an ancient bone altar of Kikubaaqudgha.
   271 | D        | Found a basalt altar of Yredelemnul.
   271 | D        | Found a shimmering altar of Xom.
   271 | D        | Found a radiant altar of Vehumet.
   272 | D        | Found an iron altar of Okawaru.
   273 | D        | Found a burning altar of Makhleb.
   274 | D        | Found a deep blue altar of Sif Muna.
   275 | D        | Found a bloodstained altar of Trog.
   276 | D        | Found a sparkling altar of Nemelex Xobeh.
   277 | D        | Found a white marble altar of Elyvilon.
   278 | D        | Found a roughly hewn altar of Beogh.
   279 | D        | Found a viscous altar of Jiyva.
   280 | D        | Found a corrupted altar of Lugonu.
   281 | D        | Found a blossoming altar of Fedhas.
   282 | D        | Found a snail-covered altar of Cheibriados.
   283 | D        | Found a shadowy altar of Dithmenos.
   284 | D        | Found a stormy altar of Qazlal.
   285 | D        | Found an opulent altar of Gozag.
   286 | D        | Found a sacrificial altar of Ru.
   287 | D        | Found an oddly glowing altar of Pakellas.
   294 | D        | Became a worshipper of Ru the Awakened
   306 | D        | Got the +3 war axe "Ogeur" {drain, +Blink rN+ Str+4}
   470 | D        | Noticed a hippogriff
   470 | D        | Noticed a two-headed ogre
   470 | D        | Noticed a gargoyle
   490 | D        | Reached skill level 7 in Short Blades
   498 | D        | Killed a hippogriff
   498 | D        | Reached skill level 9 in Short Blades
   498 | D        | Reached XP level 5. HP: 36/39 MP: 5/5
   498 | D        | Reached XP level 6. HP: 40/44 MP: 6/6
   500 | D        | Killed a two-headed ogre
   500 | D        | Reached skill level 10 in Short Blades
   500 | D        | Reached XP level 7. HP: 44/51 MP: 7/7
   501 | D        | Reached skill level 11 in Short Blades
   516 | D        | Killed a gargoyle
   516 | D        | Reached skill level 10 in Fighting
   516 | D        | Reached skill level 12 in Short Blades
   516 | D        | Reached skill level 10 in Dodging
   718 | D        | Noticed a vampire mosquito
   718 | D        | Noticed a manticore
   727 | D        | Killed a vampire mosquito
   727 | D        | Reached XP level 8. HP: 57/59 MP: 8/8
   751 | D        | Reached skill level 13 in Short Blades
   757 | D        | Killed a manticore
   763 | D        | Reached XP level 9. HP: 65/65 MP: 9/9
   782 | D        | Gained mutation: You cannot read scrolls while threatened. [Ru sacrifice]
   782 | D        | Reached * piety under Ru
   885 | D        | Noticed a spiny frog
   896 | D        | Reached skill level 14 in Short Blades
   916 | D        | Killed a spiny frog
   916 | D        | Reached skill level 15 in Short Blades
   916 | D        | Reached skill level 1 in Evocations
   966 | D        | Noticed a six-headed hydra
   966 | D        | Noticed an elephant
   966 | D        | Noticed a komodo dragon
   967 | D        | Noticed a blink frog
   968 | D        | Killed a six-headed hydra
   968 | D        | Reached skill level 16 in Short Blades
   968 | D        | Reached skill level 15 in Dodging
   968 | D        | Reached XP level 10. HP: 65/73 MP: 10/10
   969 | D        | Noticed a komodo dragon
   972 | D        | Killed an elephant
   993 | D        | Killed a komodo dragon
  1004 | D        | Killed a komodo dragon
  1018 | D        | Gained mutation: You cannot drink potions while threatened. [Ru sacrifice]
  1018 | D        | Reached ** piety under Ru
  1097 | D        | Reached skill level 17 in Short Blades
  1153 | D        | Reached skill level 10 in Stealth
  1153 | D        | Reached XP level 11. HP: 66/80 MP: 11/11
  1217 | D        | Noticed Harold
  1249 | D        | Killed Harold
  1336 | D        | Noticed an orc high priest
  1358 | D        | Killed an orc high priest
  1358 | D        | Reached skill level 18 in Short Blades
  1360 | D        | Gained mutation: You are hated by all. [Ru sacrifice]
  1360 | D        | Reached *** piety under Ru
  1472 | D        | Noticed an orc knight
  1478 | D        | Noticed an orc sorcerer
  1493 | D        | Killed an orc knight
  1516 | D        | Killed an orc sorcerer
  1564 | D        | Gained mutation: You are slightly vulnerable to magic. [Ru sacrifice]
  1564 | D        | Reached **** piety under Ru
  1564 | D        | Reached ***** piety under Ru
  1571 | D        | Found Caytham's Antique Weapon Emporium.
  1571 | D        | Noticed an orc knight
  1573 | D        | Reached skill level 15 in Fighting
  1574 | D        | Found Omeph's Assorted Antiques.
  1576 | D        | Noticed an orc knight
  1577 | D        | Killed an orc knight
  1578 | D        | Found Daophih's Magic Scroll Emporium.
  1579 | D        | Noticed an orc knight
  1580 | D        | Found Nuas's Distillery.
  1582 | D        | Noticed an orc knight
  1583 | D        | Killed an orc knight
  1590 | D        | Noticed an orc knight
  1590 | D        | Killed an orc knight
  1590 | D        | Reached skill level 19 in Short Blades
  1590 | D        | Reached XP level 12. HP: 51/87 MP: 4/12
  1690 | D        | Bought a potion of cure mutation for 275 gold pieces
  1690 | D        | Bought a potion of heal wounds for 55 gold pieces
  1690 | D        | Bought a potion of resistance for 110 gold pieces
  1692 | D        | Bought a scroll of enchant weapon for 82 gold pieces
  1692 | D        | Bought a scroll of recharging for 104 gold pieces
  1692 | D        | Bought a scroll of immolation for 38 gold pieces
  1692 | D        | Bought a scroll of identify for 22 gold pieces
  1694 | D        | Bought a potion of curing for 78 gold pieces
  1694 | D        | Bought a scroll of recharging for 247 gold pieces
  1694 | D        | Bought a scroll labeled IROSHE OFUIRGH for 26 gold pieces
  1696 | D        | Bought a jewelled short sword for 208 gold pieces
  1696 | D        | Identified the +7 short sword of the Reaper {pierce, Dex+3} (You bought it in a shop in the Dungeon)
  1701 | D        | Bought a scroll of fear for 38 gold pieces
  1701 | D        | Bought a scroll of fear for 38 gold pieces
  1701 | D        | Bought a scroll of random uselessness for 11 gold pieces
  1718 | D        | Bought a potion of cure mutation for 275 gold pieces
  1718 | D        | Bought a potion of resistance for 110 gold pieces
  1718 | D        | Bought a potion of lignification for 33 gold pieces
  1718 | D        | Bought a potion of magic for 88 gold pieces
  1753 | D        | Noticed Psyche
  1756 | D        | Noticed Joseph
  1763 | D        | Killed Psyche
  1763 | D        | Reached skill level 15 in Stealth
  1770 | D        | Killed Joseph
  1798 | D        | Noticed Erica
  1813 | D        | Killed Erica
  1935 | D        | Noticed an ogre mage
  1936 | D        | Noticed an entropy weaver
  1937 | D        | Noticed a stone giant
  1938 | D        | Noticed a stone giant
  1939 | D        | Noticed a frost giant
  1940 | D        | Noticed an ettin
  1947 | D        | Killed an entropy weaver
  1948 | D        | Killed an ogre mage
  1965 | D        | Killed a stone giant
  1965 | D        | Reached skill level 20 in Short Blades
  1971 | D        | Killed a stone giant
  1976 | D        | Killed an ettin
  1977 | D        | Killed a frost giant
  2126 | D        | Noticed Rupert
  2133 | D        | Killed Rupert
  2133 | D        | Reached XP level 13. HP: 93/93 MP: 13/13
  2137 | D        | Noticed Azrael
  2141 | D        | Reached skill level 21 in Short Blades
  2144 | D        | Killed Azrael
  2372 | D        | Reached skill level 22 in Stealth
  2385 | D        | Noticed an emperor scorpion
  2394 | D        | Killed a ghost moth
  2397 | D        | Killed an emperor scorpion
  2397 | D        | Reached skill level 23 in Stealth
  2445 | D        | Reached skill level 1 in Armour
  2445 | D        | Reached XP level 14. HP: 65/100 MP: 10/14
  2516 | D        | Noticed Saint Roka
  2524 | D        | Killed Saint Roka
  2524 | D        | Reached skill level 24 in Stealth
  2588 | D        | Noticed a sphinx
  2596 | D        | Noticed a frost giant
  2607 | D        | Reached skill level 25 in Stealth
  2607 | D        | Killed from afar by a fire dragon

Vault maps used:
D:        linesprint

Action                   |  1- 3 |  4- 6 |  7- 9 | 10-12 | 13-15 || total
-------------------------+-------+-------+-------+-------+-------++-------
Melee: Dagger            |     4 |     7 |       |       |       ||    11
       Rapier            |       |     8 |   105 |   302 |       ||   415
       Short sword       |       |       |       |    37 |   126 ||   163
 Fire: Blowgun           |    12 |     9 |     2 |    27 |     9 ||    59
Throw: Throwing net      |       |       |       |    16 |     1 ||    17
Invok: Sacrifice Words   |       |       |     1 |       |       ||     1
       Sacrifice Drink   |       |       |       |     1 |       ||     1
       Draw Out Power    |       |       |       |     5 |     1 ||     6
       Apocalypse        |       |       |       |     3 |     6 ||     9
       Sacrifice Essence |       |       |       |     1 |       ||     1
       Sacrifice Love    |       |       |       |     1 |       ||     1
Evoke: Wand              |       |       |     3 |     4 |       ||     7
  Use: Potion            |       |     1 |     1 |       |     1 ||     3
 Stab: Sleeping          |     2 |     1 |     1 |     7 |     4 ||    15
       Invisible         |       |       |     3 |     3 |       ||     6
       Distracted        |       |       |     1 |     3 |     1 ||     5
       Held in net/web   |       |       |       |    11 |       ||    11
       Paralysed         |       |       |       |     4 |    11 ||    15
       Confused          |       |       |       |       |     1 ||     1
  Eat: Chunk             |       |       |     1 |    12 |       ||    13
